 Dungeon Crawl Stone Soup version 0.29.1-15-g9cfb28693d (webtiles) character file.

Game seed: 11901890287999086821

42 leafyfresh the Sneak (level 3, -2/26 HPs)
             Began as an Octopode Delver on Mar 13, 2023.
             Slain by a scorpion (7 damage)
             ... on level 4 of the Dungeon.
             The game lasted 00:00:36 (144 turns).

leafyfresh the Sneak (Octopode Delver)               Turns: 144, Time: 00:00:36

Health: -2/26      AC:  1    Str: 11    XL:     3   Next: 56%
Magic:  3/3        EV: 13    Int: 14    God:
Gold:   0          SH:  0    Dex: 13    Spells: 2/2 levels left

rFire   . . .      SeeInvis .   a - +0 short sword
rCold   . . .      Faith    .   (no shield)
rNeg    . . .      Spirit   .   (helmet restricted)
rPois   .          Reflect  .   (no amulet)
rElec   .          Harm     .   (no ring)
rCorr   .          Rampage  .   (no ring)
Will    .....                   (no ring)
Stlth   ++++......              (no ring)
HPRegen 0.08/turn               (no ring)
MPRegen 0.08/turn               (no ring)
                                (no ring)
                                (no ring)

@: lethally poisoned (-2 -> -11)
A: almost no armour, amphibious, 8 rings, camouflage 1, gelatinous body 1,
(nimble swimmer 1), tentacles
a: no special abilities


You were on level 4 of the Dungeon.
You visited 1 branch of the dungeon, and saw 2 of its levels.

Inventory:

Hand Weapons
 a - a +0 short sword (weapon)
Wands
 f - a wand of digging (3)
Scrolls
 b - a scroll of fog
 c - a scroll of magic mapping
 d - a scroll of fear
 g - a scroll of silence {unknown}
 h - a scroll of blinking {unknown}
Potions
 e - a potion of haste
 i - a potion of resistance {unknown}


   Skills:
 + Level 3.5 Fighting
 - Level 2.0 Short Blades
 + Level 2.7 Dodging
 + Level 7.2 Stealth


You had 2 spell levels left.
You didn't know any spells.
Your spell library was empty.

Dungeon Overview and Level Annotations

Branches:
Dungeon (5/15)
 Temple: D:4-7

Altars:

Annotations:
D:5 Prince Ribbit


Innate Abilities, Weirdness & Mutations

You cannot wear most types of armour.
You are amphibious.
You can wear up to eight rings at the same time.
Your skin changes colour to match your surroundings (Stealth+).
Your rubbery body absorbs attacks. (AC +1, EV +1)
((You are camouflaged when in or above water. (Stealth+)))
You have tentacles for arms and can constrict up to eight enemies at once.


Message History

No target in view!
No target in view!
A scorpion comes into view.
You see here a scroll labelled CADWEO ISHRUPS.
A scorpion is nearby!
A scorpion is nearby!
A scorpion is nearby!
You hit the scorpion but do no damage. Your grab misses the scorpion.
You hear the slow rusting of a distant drain.
The scorpion stings you. x2
You are poisoned.
The scorpion poisons you!
You barely miss the scorpion. You grab the scorpion. You squeeze the scorpion!
The scorpion is heavily wounded.
You constrict the scorpion, but do no damage.
You feel very sick. The scorpion closely misses you.
You hit the scorpion but do no damage.
The scorpion is heavily wounded.
You constrict the scorpion, but do no damage.
You feel sick. The scorpion barely misses you.
You hit the scorpion.
The scorpion is heavily wounded.
You constrict the scorpion, but do no damage.
You feel sick. The scorpion barely misses you.
You hit the scorpion but do no damage.
The scorpion is heavily wounded.
You constrict the scorpion.
You feel sick. The scorpion stings you.
You are lethally poisoned!
The scorpion poisons you!
You barely miss the scorpion.
The scorpion is severely wounded.
You constrict the scorpion.
* * * LOW HITPOINT WARNING * * *
You feel very sick. The scorpion stings you.
* * * LOW HITPOINT WARNING * * *
An endoplasm comes into view.
The scorpion stings you!
You die...

. #.....# #.. ###....#
#....#).....#####
..................##
....######...?.....#
....# ####.........#
....##.....#......#
#.......###...#..#
#......## #@### ...
#.......# #s### ..
#......## ..... .
#......#####.## ..
#.......#.....#.>.....
##.............J.# ....
#..............## .....
###.........##..##.....
##.........#.#.......


You could see a scorpion and an endoplasm (wandering).

Vanquished Creatures
  An iguana (D:5)
  An adder (D:4)
  2 orcs
  An endoplasm (D:4)
  A hobgoblin (D:4)
  A kobold (D:4)
7 creatures vanquished.

Notes
Turn   | Place    | Note
-------+----------+-------------------------------------------
     0 | D:5      | leafyfresh the Octopode Delver began the quest for the Orb.
     0 | D:5      | Reached XP level 1. HP: 16/16 MP: 1/1
    44 | D:5      | Noticed an iguana
    53 | D:5      | Killed an iguana
    54 | D:5      | Reached skill level 7 in Stealth
    54 | D:5      | Reached XP level 2. HP: 20/21 MP: 2/2
    54 | D:5      | Reached XP level 3. HP: 25/26 MP: 3/3
    76 | D:5      | Noticed Prince Ribbit
   134 | D:4      | Noticed a scorpion
   144 | D:4      | Slain by a scorpion

Illustrated notes

Levels and vault maps discovered:
D:4:      gammafunk_cloud_chamber, layout_cave_pools, gup_sewer_entry_bowl,
          minmay_misc_feat_diagonals
D:5:      layout_cave_pools, slow_altar_1, minmay_temple_entry_nine_rooms,
          hex_medium, uniq_prince_ribbit1, uniq_blork_the_orc

Skill      XL: |  1 |
---------------+----+-----
Stealth        | 7 |  7.2
Fighting       | |  3.5
Short Blades   | |  2.0
Dodging        | |  2.7

Action                   || total
-------------------------++-------
Melee: Short sword       ||    20
       Constrict         ||     4
       Tentacles         ||     4
 Stab: Sleeping          ||     4
Armor: Skin              ||     1
Dodge: Dodged            ||     8
